Map: Ephemeron LE

Players

ViBE - Winner!

  • Race: Terran Terran
  • League: Platinum
  • Spawn Location: 11:00

Jaylow

  • Race: Zerg Zerg
  • League: Platinum
  • Spawn Location: 5:00

VOD

https://www.youtube.com/watch?v=d1d4jAF2Ddc&list=PLFeZeom2b4DmHduNHeFj-6PfoasuSQn3P&index=10

Description

Fast Hellions

Time

  • Played on: Dec. 9, 2019, 12:20 a.m.
  • Length: 12:40
Show
View Real Time Build Order
Export as new Build Order

ViBE Terran - Winner!

Build Orders: 2 Factory, Mech 

Get SALT Encoding   

  12  0:01  SCV  
  13  0:13  SCV  
  14  0:18  Supply Depot  
  14  0:25  SCV  
  15  0:40  SCV  
  15  0:41  Barracks  
  16  0:45  Refinery  
  16  0:52  SCV  
  18  1:04  SCV  
  18  1:16  SCV  
  19  1:28  Orbital Command  
  19  1:42  Command Center  
  19  1:55  Factory  
  19  2:00  SCV  
  20  2:05  Barracks Reactor  
  20  2:10  Supply Depot  
  20  2:13  SCV  
  21  2:18  Refinery  
  21  2:25  SCV  
  22  2:37  SCV  
  23  2:45  Factory  
  23  2:49  Barracks Tech Lab, SCV  
  23  2:50  Hellion  
  23  2:51  Hellion  
  28  3:01  Orbital Command  
  28  3:02  SCV  
  29  3:15  SCV  
  30  3:22  Hellion x2  
  30  3:26  SCV  
  35  3:27  SCV  
  36  3:37  Siege Tank  
  36  3:39  SCV x2  
  41  3:42  Supply Depot  
  41  3:51  SCV x2  
  41  3:53  Supply Depot  
  43  3:58  Hellion  
  45  4:03  Hellion, SCV x2  
  49  4:14  Command Center  
  49  4:15  SCV x2  
  51  4:22  Siege Tank  
  54  4:27  SCV  
  54  4:28  SCV  
  54  4:31  Supply Depot  
  56  4:39  SCV  
  56  4:40  Hellion x2, SCV  
  46  4:51  SCV  
  46  4:52  SCV  
  35  5:02  Hellion x2  
  35  5:03  SCV  
  39  5:10  Siege Tank  
  39  5:11  Supply Depot  
  42  5:17  SCV x2  
  44  5:24  Hellion x2  
  44  5:27  Orbital Command  
  48  5:29  SCV  
  48  5:34  Supply Depot  
  49  5:43  Siege Tank, SCV x2  
  54  5:53  Engineering Bay, Armory, SCV  
  54  5:55  SCV x2  
  57  5:58  Supply Depot  
  57  6:05  SCV  
  57  6:07  SCV x2  
  60  6:18  SCV  
  61  6:19  SCV x2  
  61  6:20  Siege Tank  
  61  6:21  Hellion x2  
  61  6:24  Missile Turret  
  70  6:26  Missile Turret  
  70  6:32  SCV x2  
  72  6:33  SCV  
  72  6:38  Command Center  
  73  6:44  Refinery  
  73  6:45  Refinery  
  73  6:47  Orbital Command  
  73  6:52  Hellion x2  
  77  7:00  Thor  
  83  7:08  SCV x2  
  85  7:12  Terran Vehicle Weapons Level 1  
  85  7:14  SCV  
  86  7:17  Hellbat  
  86  7:18  Hellbat  
  86  7:20  SCV x2  
  86  7:22  Armory  
  92  7:26  SCV  
  92  7:28  Supply Depot  
  93  7:32  SCV x2  
  95  7:38  SCV  
  96  7:44  SCV x2  
  96  7:49  Thor  
  96  7:50  SCV  
  105  7:53  Command Center  
  105  7:56  SCV x2  
  107  8:01  Hellbat  
  107  8:02  Hellbat  
  111  8:07  Factory x2  
  111  8:08  Factory  
  111  8:10  Factory  
  111  8:12  SCV x2  
  113  8:13  SCV  
  113  8:18  Refinery x2  
  114  8:20  Missile Turret  
  114  8:25  Infernal Pre-Igniter  
  114  8:27  Neosteel Armor  
  114  8:28  SCV x3  
  114  8:30  Hellbat x2  
  121  8:35  Supply Depot x2  
  121  8:43  SCV x3  
  121  8:45  Planetary Fortress  
  124  8:54  Factory Tech Lab  
  124  8:55  Factory Reactor, Factory Tech Lab x2  
  124  8:56  SCV x2  
  124  8:57  Hellbat x2, Thor  
  136  9:05  SCV  
  136  9:08  SCV  
  136  9:09  Command Center  
  138  9:12  Terran Vehicle And Ship Armor Level 1  
  138  9:13  Terran Vehicle Weapons Level 2  
  138  9:25  SCV x3  
  138  9:30  Refinery  
  141  9:32  Refinery, SCV, Missile Turret  
  141  9:34  Thor  
  141  9:37  SCV x2  
  150  9:41  Supply Depot  
  150  9:43  Smart Servos, Supply Depot  
  150  9:53  Planetary Fortress  
  150  10:01  Missile Turret  
  150  10:02  Thor  
  156  10:07  Hi-Sec Auto Tracking  
  156  10:12  Thor x2  
  170  10:15  Refinery, Hellbat  
  170  10:17  Refinery  
  176  10:21  Hellbat x3  
  176  10:27  Command Center  
  176  10:32  Hellion x2  
  176  10:34  SCV x2  
  176  10:35  SCV x2  
  180  10:39  Supply Depot x2  
  180  10:40  Supply Depot  
  180  10:42  Factory  
  180  10:43  Factory  
  180  10:44  Factory, Hellbat  
  180  10:45  Hellbat  
  184  11:08  Thor x2  
  184  11:10  Hellbat  
  184  11:11  Hellbat  
  200  11:22  Factory x2  
  200  11:23  Factory  
  200  11:24  Factory  
  198  11:47  Factory Tech Lab x3  
  198  11:57  Command Center  
  198  11:58  Planetary Fortress  
  198  12:07  Factory Reactor  
  196  12:08  Factory Tech Lab  
  196  12:09  Factory Tech Lab x2  
  196  12:12  Hellbat x2  
  200  12:24  Command Center  
  200  12:25  Command Center x2  
  200  12:27  Command Center  
  200  12:28  Command Center  
Show
View Real Time Build Order
Export as new Build Order

Jaylow Zerg 

Build Orders: Hatch First, Brood Lord Corruptor 

Get SALT Encoding   

  12  0:03  Drone  
  13  0:09  Drone  
  14  0:33  Overlord  
  14  0:59  Hatchery  
  13  1:14  Drone  
  13  1:15  Drone x2  
  16  1:20  Spawning Pool  
  15  1:35  Drone  
  16  1:40  Extractor  
  15  1:49  Drone x2  
  17  2:02  Overlord  
  17  2:11  Queen x2  
  17  2:13  Zergling x4  
  23  2:29  Zergling x4  
  25  2:33  Zergling x2  
  25  2:34  Zergling x2  
  27  2:43  Zergling x4  
  29  2:53  Overlord  
  29  2:56  Metabolic Boost  
  29  2:58  Zergling x2  
  30  3:04  Baneling Nest  
  30  3:05  Zergling x4  
  31  3:14  Zergling x2  
  31  3:17  Zergling x2  
  33  3:26  Zergling x4  
  36  3:27  Overlord, Zergling x2  
  36  3:31  Zergling x2  
  37  3:34  Zergling x2  
  38  3:43  Zergling x4  
  40  3:51  Zergling x4  
  40  3:53  Zergling x2  
  43  3:58  Zergling x2  
  43  4:02  Zergling x2  
  45  4:04  Zergling x2  
  46  4:10  Zergling x2  
  46  4:13  Zergling x2  
  48  4:24  Zergling x4  
  48  4:25  Zergling x2  
  34  4:49  Zergling x10  
  34  4:50  Zergling x2  
  36  5:06  Zergling x4  
  36  5:07  Zergling x4  
  38  5:13  Zergling x2  
  39  5:25  Lair  
  39  5:29  Extractor  
  38  5:42  Drone x3  
  41  5:50  Drone  
  41  5:51  Drone x3  
  45  6:08  Drone x3  
  45  6:09  Drone  
  49  6:22  Drone x2  
  49  6:24  Overlord  
  51  6:34  Hydralisk Den  
  51  6:38  Infestation Pit  
  49  6:46  Drone x5  
  54  6:51  Extractor  
  54  6:54  Extractor  
  52  7:02  Drone x3  
  52  7:04  Hydralisk  
  57  7:14  Neural Parasite  
  57  7:18  Infestor  
  59  7:25  Overlord x2  
  59  7:52  Drone x3  
  62  8:01  Queen  
  64  8:06  Extractor  
  64  8:07  Hatchery  
  64  8:09  Spire  
  64  8:11  Extractor  
  60  8:15  Drone x4  
  60  8:16  Drone  
  65  8:31  Hive  
  65  8:34  Drone  
  65  8:35  Drone x2  
  65  8:40  Drone  
  69  8:42  Drone  
  69  8:44  Drone  
  71  9:06  Infestor  
  71  9:08  Infestor  
  75  9:20  Drone  
  75  9:21  Drone  
  77  9:46  Greater Spire  
  77  9:48  Corruptor x2  
  77  9:50  Overlord  
  77  9:51  Overlord x3  
  81  10:09  Corruptor x2  
  81  10:10  Corruptor x3  
  91  10:32  Corruptor, Evolution Chamber  
  91  10:33  Corruptor, Evolution Chamber  
  94  10:35  Drone x2  
  94  10:38  Evolution Chamber  
  91  11:12  Brood Lord x4  
  91  11:13  Brood Lord  
  91  11:14  Brood Lord  
  103  11:30  Corruptor  
  103  11:31  Corruptor  
  107  11:34  Corruptor  
  109  11:58  Overlord x4  
Tags
 
Add a new tag
Caveats
  • Supply blocks, unpowered buildings, or Contaminate may cause inaccurate times.
  • Supply counts are checked every 10 seconds.